 Dungeon Crawl Stone Soup version 0.30.0-10-gfe55d96785 (webtiles) character file.

Game seed: 4670838098336172664

17761 ProzacElf the Spear-Bearer (level 12, -6/97 HPs)
             Began as a Gnoll Cinder Acolyte on May 14, 2023.
             Was an Elder of Ignis.
             Mangled by a merfolk
             ... wielding a +0 trident
              (15 damage)
             ... on level 2 of the Lair of Beasts.
             The game lasted 00:37:13 (13033 turns).

ProzacElf the Spear-Bearer (Gnoll Cinder Acolyte)  Turns: 13033, Time: 00:37:14

Health: -6/97      AC: 22    Str: 17    XL:     12   Next: 51%
Magic:  24/24      EV:  9    Int: 16    God:    Ignis [****..]
Gold:   1018       SH:  5    Dex:  7    Spells: 27/27 levels left

rFire   + + .        b - +12 sling "Maus" {freeze, rN+}
rCold   . . .        (no shield)
rNeg    + . .        y - +3 chain mail {rF+}
rPois   .            E - +2 hat
rElec   +            t - +2 cloak
rCorr   .            i - +1 pair of gloves
SInv    .            d - +0 pair of boots {Fly}
Will    +....        u - amulet of reflection
Stlth   +            V - +4 ring of slaying {=R}
HPRegen 0.36/turn    Q - ring "Reiphiorgh" {Fly rElec Will+}
MPRegen 0.19/turn

%: reflection
@: flying
A: fangs 1, strong nose, distributed training
a: Renounce Religion, Fiery Armour, Foxfire Swarm, Rising Flame


You were on level 2 of the Lair of Beasts.
You worshipped Ignis.
Ignis was greatly pleased with you.
You visited 2 branches of the dungeon, and saw 12 of its levels.
You also visited: Sewer and Volcano.

You collected 1057 gold pieces.
You spent 39 gold pieces at shops.

Inventory:

Hand Weapons
 a - a +3 scimitar of flaming
 b - the +12 sling "Maus" (weapon) {freeze, rN+}
   (You found it on level 2 of the Dungeon)

   rN:        It protects you from negative energy.
 p - a +0 broad axe of flaming
Missiles
 h - a curare-tipped dart
 j - 2 javelins
 n - 40 poisoned darts
 r - 4 throwing nets
 X - 5 boomerangs
Armour
 d - a +0 pair of boots of flying (worn)
 e - a +0 ring mail
 i - a +1 pair of gloves (worn)
 t - a +2 cloak (worn)
 y - a +3 chain mail of fire resistance (worn)
 E - a +2 hat (worn)
 P - an orb of guile
Jewellery
 u - an amulet of reflection (around neck)
 I - a ring of protection from cold
 L - a +6 ring of strength
 Q - the ring "Reiphiorgh" (right hand) {Fly rElec Will+}
   (You found it on level 7 of the Dungeon)

   [ring of willpower]

   rElec:     It insulates you from electricity.
   Fly:       It grants you flight.
   Will:      It increases your willpower.
 R - a ring of resist corrosion
 U - a +4 ring of protection
 V - a +4 ring of slaying (left hand) {=R}
 Y - a ring of fire
 Z - a ring of ice
Wands
 c - a wand of charming (22)
 w - a wand of quicksilver (13)
 S - a wand of roots (4)
 T - a wand of polymorph (12)
Scrolls
 f - 2 scrolls of enchant armour
 g - a scroll of vulnerability
 k - 3 scrolls of teleportation
 o - 2 scrolls of fog
 q - 3 scrolls of magic mapping
 D - 2 scrolls of immolation
 H - 3 scrolls of enchant weapon
 J - 3 scrolls of poison
 N - 3 scrolls of fear
 O - 3 scrolls of blinking
 W - a scroll of butterflies {unknown}
Potions
 l - 8 potions of curing {unknown}
 m - 2 potions of cancellation
 s - a potion of magic
 v - 5 potions of resistance
 x - 3 potions of brilliance
 z - 4 potions of attraction {unknown}
 A - 4 potions of berserk rage
 B - a potion of ambrosia {!e}
 C - 2 potions of lignification
 F - 2 potions of flight
 G - 3 potions of mutation
 K - 3 potions of heal wounds
 M - 2 potions of haste


   Skills:
 + Level 10.1 Fighting
 + Level 7.6 Short Blades
 + Level 7.6 Long Blades
 + Level 7.6 Axes
 + Level 7.6 Maces & Flails
 + Level 10.1 Polearms
 + Level 7.6 Staves
 + Level 7.6 Ranged Weapons
 + Level 7.6 Throwing
 + Level 7.6 Armour
 + Level 7.6 Dodging
 + Level 7.6 Stealth
 + Level 7.6 Shields
 + Level 7.6 Unarmed Combat
 + Level 8.2 Spellcasting
 + Level 6.3 Conjurations
 + Level 6.3 Hexes
 + Level 6.3 Summonings
 + Level 6.3 Necromancy
 + Level 6.3 Translocations
 + Level 6.3 Transmutations
 + Level 8.5 Fire Magic
 + Level 6.3 Ice Magic
 + Level 6.3 Air Magic
 + Level 6.3 Earth Magic
 + Level 6.3 Poison Magic
 + Level 8.4 Invocations
 + Level 7.6 Evocations


You had 27 spell levels left.
You didn't know any spells.
Your spell library contained the following spells:

 Spells                   Type           Power      Damage    Failure   Level
 Scorch                   Fire           66%        2d7       4%          2
 Kiss of Death            Conj/Necr      100%       2d13      6%          1
 Blink                    Tloc           52%        N/A       10%         2
 Inner Flame              Hex/Fire       30%        N/A       13%         3
 Confusing Touch          Hex            26%        N/A       19%         3
 Flame Wave               Conj/Fire      30%        2d9       38%         4
 Sticky Flame             Conj/Fire      30%        2d5       38%         4
 Dispel Undead            Necr           26%        3d13      54%         4
 Manifold Assault         Tloc           26%        N/A       54%         4
 Storm Form               Tmut/Air       13%        N/A       100%        7


Dungeon Overview and Level Annotations

Branches:
Dungeon (10/15)            Temple (0/1) D:6            Lair (2/5) D:10
  Snake (0/4) Lair:2          Orc (0/2) D:9           Sewer (visited)
Volcano (visited)
  Swamp: Lair:2-3    Shoals: Lair:2-3

Altars:
Ashenzari
Cheibriados
Ru
Uskayaw
Zin
The Shining One

Shops:
D:3 *

Annotations:
D:3 1 runed translucent door, Mune's ghost, amateur DEFE
D:7 4 runed translucent doors


Innate Abilities, Weirdness & Mutations

You have very sharp teeth.
Your uncanny sense of smell can sniff out nearby items.
Your experience applies equally to all skills.


Message History

Press: ? - help, Q - select action, (/) - cycle Shift-Dir - straight line, f/p - merfolk
Aim: a merfolk, wieldin' a +0 trident (severely wounded, 70% ta hit) Ye shoot a slin' bullet.
Tha slin' bullet barely misses tha merfolk.
Tha merfolk hits ye but does nay damage.
Tha merfolk hits ye wit' a +0 trident!
Ye take 10 damage, an' haf 36/97 hp.
Fire: b) +12 slin' "Maus" {freeze, rN+}
Press: ? - help, Q - select action, (/) - cycle Shift-Dir - straight line, f/p - merfolk
Aim: a merfolk, wieldin' a +0 trident (severely wounded, 70% ta hit) Ye shoot a slin' bullet.
Tha slin' bullet barely misses tha merfolk.
Tha merfolk hits ye but does nay damage.
Fire: b) +12 slin' "Maus" {freeze, rN+}
Press: ? - help, Q - select action, (/) - cycle Shift-Dir - straight line, f/p - merfolk
Aim: a merfolk, wieldin' a +0 trident (severely wounded, 70% ta hit) Ye shoot a slin' bullet.
Tha slin' bullet hits tha merfolk but does nay damage.
Tha merfolk be severely wounded.
Tha merfolk hits ye wit' a +0 trident.
Ye take 4 damage, an' haf 33/97 hp.
Fire: b) +12 slin' "Maus" {freeze, rN+}
Press: ? - help, Q - select action, (/) - cycle Shift-Dir - straight line, f/p - merfolk
Aim: a merfolk, wieldin' a +0 trident (severely wounded, 70% ta hit) Ye shoot a slin' bullet.
Tha slin' bullet hits tha merfolk!
Tha slin' bullet freezes tha merfolk.
Tha merfolk be severely wounded.
Tha merfolk barely misses ye.
Tha merfolk hits ye wit' a +0 trident!
* * * LOW HITPOINT WARNIN'
* * * Ye take 8 damage, an' haf 25/97 hp.
Fire: b) +12 slin' "Maus" {freeze, rN+}
Press: ? - help, Q - select action, (/) - cycle Shift-Dir - straight line, f/p - merfolk
Aim: a merfolk, wieldin' a +0 trident (severely wounded, 70% ta hit) Ye shoot a slin' bullet.
Tha slin' bullet closely misses tha merfolk.
Tha merfolk hits ye wit' a +0 trident!
* * * LOW HITPOINT WARNIN'
* * * Ye take 16 damage, an' haf 9/97 hp.
Tha merfolk hits ye from afar wit' a +0 trident!
Ye die...

.... #.#....#
#.. #......#
#. #......###
#.......##
##P.......#
###.....#####
.###PP..m###
......†.#~≈~#
.......@#~~~#
........#~~~#
#.##
.##...P.#####
#..#
......<...#
...#
........###
#...
........#
#...
........#
#.#.
.........#
#.##
#..#.....####
###+.#.


You could see a merfolk.

Vanquished Creatures
  A red draconian (Volcano)
  Harold (Lair:1)
  Erica (D:9)
  An ogre mage (Volcano)
  Fannar (D:10)
  2 two-headed ogres (Volcano)
  Joseph (Lair:1)
  3 cane toads
  A rime drake (Lair:2)
  2 komodo dragons (Lair:1)
  An unseen horror (D:7)
  4 trolls
  2 polar bears
  A slime creature (D:7)
  2 shadows (D:10)
  4 wyverns
  Sigmund (D:5)
  5 yaks
  A wraith (D:7)
  5 fire bats (Volcano)
  2 basilisks
  A steam dragon (D:9)
  2 vampire mosquitoes (D:10)
  Menkaure (D:4)
  2 nagas (Lair:2)
  4 water moccasins (Lair:1)
  4 orc warriors
  Duvessa (D:4)
  6 ice beasts
  2 sky beasts
  7 wolves
  A centaur (D:10)
  3 phantoms
  Blork the orc (D:5)
  3 kobold brigands
  A scorpion (D:7)
  A gnoll sergeant (D:7)
  12 bullfrogs
  19 wights
  Dowan (D:4)
  7 killer bees
  3 howler monkeys
  6 electric eels
  3 jellies
  5 lava snakes (Volcano)
  5 hounds
  6 orc priests
  3 sleepcaps (D:6)
  Crazy Yiuf (D:5)
  6 orc wizards
  4 iguanas
  7 gnolls (D:4)
  8 adders
  2 river rats (Sewer)
  A shadow imp (D:6)
  2 white imps
  4 worms
  6 dart slugs
  18 orcs
  6 endoplasms
  4 giant cockroaches
  5 goblins
  5 hobgoblins
  4 jackals
  6 quokkas
  18 ball pythons
  3 bats
  5 frilled lizards
  15 kobolds
  13 rats
295 creatures vanquished.

Vanquished Creatures (others)
  An orc wizard (D:10)
  37 foxfires
38 creatures vanquished.

Grand Total: 333 creatures vanquished

Notes
Turn   | Place    | Note
-------+----------+-------------------------------------------
     0 | D:1      | ProzacElf the Gnoll Cinder Acolyte began the quest for the
                  | Orb.
     0 | D:1      | Reached XP level 1. HP: 23/23 MP: 4/4
   117 | D:1      | Reached XP level 2. HP: 25/29 MP: 5/5
   692 | D:1      | Reached XP level 3. HP: 35/35 MP: 7/7
  1321 | D:2      | Reached skill level 1 in Invocations
  1586 | D:2      | Reached skill level 1 in Short Blades
  1586 | D:2      | Reached skill level 1 in Long Blades
  1586 | D:2      | Reached skill level 1 in Axes
  1586 | D:2      | Reached skill level 1 in Maces & Flails
  1586 | D:2      | Reached skill level 1 in Staves
  1586 | D:2      | Reached skill level 1 in Ranged Weapons
  1586 | D:2      | Reached skill level 1 in Throwing
  1586 | D:2      | Reached skill level 1 in Armour
  1586 | D:2      | Reached skill level 1 in Dodging
  1586 | D:2      | Reached skill level 1 in Stealth
  1586 | D:2      | Reached skill level 1 in Shields
  1586 | D:2      | Reached skill level 1 in Unarmed Combat
  1586 | D:2      | Reached skill level 1 in Evocations
  1632 | D:2      | Identified the +12 sling "Maus" {freeze, rN+}
  1689 | D:2      | Reached XP level 4. HP: 41/41 MP: 8/8
  2312 | D:3      | Found Goumopn Cili's General Store.
  2318 | D:3      | Bought a scroll of teleportation for 39 gold pieces
  2330 | D:3      | Found a glowing golden altar of the Shining One.
  2451 | D:3      | Reached skill level 1 in Conjurations
  2451 | D:3      | Reached skill level 1 in Hexes
  2451 | D:3      | Reached skill level 1 in Summonings
  2451 | D:3      | Reached skill level 1 in Necromancy
  2451 | D:3      | Reached skill level 1 in Translocations
  2451 | D:3      | Reached skill level 1 in Transmutations
  2451 | D:3      | Reached skill level 1 in Ice Magic
  2451 | D:3      | Reached skill level 1 in Air Magic
  2451 | D:3      | Reached skill level 1 in Earth Magic
  2451 | D:3      | Reached skill level 1 in Poison Magic
  2568 | D:3      | Noticed Mune's ghost (amateur DEFE)
  2571 | D:3      | Found a runed translucent door.
  2612 | D:3      | Found a hide-covered altar of Uskayaw.
  2623 | D:3      | Reached XP level 5. HP: 45/47 MP: 9/9
  3035 | D:4      | Found a glowing drain.
  3044 | Sewer    | Entered a sewer
  3075 | Sewer    | Noticed a kobold brigand
  3078 | Sewer    | Killed a kobold brigand
  3079 | Sewer    | Reached XP level 6. HP: 53/53 MP: 9/11
  3776 | D:4      | Reached XP level 7. HP: 60/60 MP: 12/12
  3806 | D:4      | Noticed Menkaure
  3808 | D:4      | Killed Menkaure
  3912 | D:4      | Noticed Duvessa
  3919 | D:4      | Noticed Dowan
  3921 | D:4      | Killed Duvessa
  3922 | D:4      | Reached XP level 8. HP: 60/67 MP: 14/14
  3924 | D:4      | Killed Dowan
  4235 | D:5      | Entered Level 5 of the Dungeon
  4447 | D:5      | Found a runed translucent door.
  4448 | D:5      | Noticed Crazy Yiuf
  4467 | D:5      | Killed Crazy Yiuf
  4694 | D:5      | Noticed Sigmund
  4698 | D:5      | Killed Sigmund
  5012 | D:5      | Noticed Blork the orc
  5017 | D:5      | Killed Blork the orc
  5773 | D:6      | Reached XP level 9. HP: 73/73 MP: 16/16
  5831 | D:6      | Found a staircase to the Ecumenical Temple.
  5918 | D:6      | Reached skill level 5 in Spellcasting
  6402 | D:7      | Noticed a cyclops
  6402 | D:7      | Found a large runed translucent door.
  6402 | D:7      | Found a large runed translucent door.
  6450 | D:7      | Found a sacrificial altar of Ru.
  6450 | D:7      | Found a snail-covered altar of Cheibriados.
  6554 | D:7      | Identified the ring "Reiphiorgh" {Fly rElec Will+}
  6584 | D:7      | Reached skill level 5 in Invocations
  6605 | D:7      | Found a large runed translucent door.
  6605 | D:7      | Found a large runed translucent door.
  6612 | D:7      | Noticed a kobold demonologist
  7119 | D:7      | Reached skill level 5 in Short Blades
  7119 | D:7      | Reached skill level 5 in Long Blades
  7119 | D:7      | Reached skill level 5 in Axes
  7119 | D:7      | Reached skill level 5 in Maces & Flails
  7119 | D:7      | Reached skill level 5 in Staves
  7119 | D:7      | Reached skill level 5 in Ranged Weapons
  7119 | D:7      | Reached skill level 5 in Throwing
  7119 | D:7      | Reached skill level 5 in Armour
  7119 | D:7      | Reached skill level 5 in Dodging
  7119 | D:7      | Reached skill level 5 in Stealth
  7119 | D:7      | Reached skill level 5 in Shields
  7119 | D:7      | Reached skill level 5 in Unarmed Combat
  7119 | D:7      | Reached skill level 5 in Evocations
  7119 | D:7      | Reached XP level 10. HP: 81/81 MP: 18/18
  7239 | D:7      | Killed an unseen horror
  8221 | D:9      | Found a staircase to the Orcish Mines.
  8377 | D:9      | Found a broken altar of Ashenzari.
  8621 | D:9      | Found a glowing silver altar of Zin.
  8666 | D:9      | Noticed Erica
  8671 | D:9      | Killed Erica
  8738 | D:9      | Reached skill level 5 in Conjurations
  8738 | D:9      | Reached skill level 5 in Hexes
  8738 | D:9      | Reached skill level 5 in Summonings
  8738 | D:9      | Reached skill level 5 in Necromancy
  8738 | D:9      | Reached skill level 5 in Translocations
  8738 | D:9      | Reached skill level 5 in Transmutations
  8738 | D:9      | Reached skill level 5 in Ice Magic
  8738 | D:9      | Reached skill level 5 in Air Magic
  8738 | D:9      | Reached skill level 5 in Earth Magic
  8738 | D:9      | Reached skill level 5 in Poison Magic
  8828 | D:9      | Reached XP level 11. HP: 89/89 MP: 21/21
  8906 | D:10     | Entered Level 10 of the Dungeon
  9376 | D:10     | Found a staircase to the Lair.
  9516 | D:10     | Noticed Fannar
  9542 | D:10     | Killed Fannar
  9873 | Lair:1   | Entered Level 1 of the Lair of Beasts
 10051 | Lair:1   | Found a dark tunnel.
 10058 | Volcano  | Entered a volcano
 10398 | Volcano  | Noticed an obsidian statue
 10398 | Volcano  | Noticed a two-headed ogre
 10408 | Volcano  | Killed a two-headed ogre
 10416 | Volcano  | Noticed an ogre mage
 10417 | Volcano  | Noticed a sixfirhy
 10423 | Volcano  | Noticed a red draconian
 10424 | Volcano  | Killed an ogre mage
 10424 | Volcano  | Noticed a two-headed ogre
 10436 | Volcano  | Killed a red draconian
 10444 | Volcano  | Killed a two-headed ogre
 10445 | Volcano  | Reached XP level 12. HP: 10/97 MP: 23/23
 11532 | Lair:1   | Noticed Harold
 11557 | Lair:1   | Killed Harold
 11940 | Lair:1   | Noticed Joseph
 11950 | Lair:1   | Killed Joseph
 12335 | Lair:1   | Reached skill level 10 in Fighting
 12335 | Lair:1   | Reached skill level 10 in Polearms
 12384 | Lair:2   | Found a staircase to the Snake Pit.
 13033 | Lair:2   | Mangled by a merfolk

Illustrated notes

Levels and vault maps discovered:
D:1:      erik_arrival_cave_to_civilisation [erik_arrival_cave_to_hall],
          layout_loops_corners, minmay_misc_feat_pillars
D:2:      layout_basic, nrook_mini_vaults
D:3:      layout_loops_ring, tso_metal_star, lemuel_doored_altar, serial_shops,
          nicolae_shop_tiny_statue_garden, hellmonk_ghost_happy_afterlife
D:4:      layout_rooms, portal_sewer_entry_e, uniq_duvessa, uniq_menkaure
D:5:      layout_loops_corners, uniq_sigmund, uniq_crazy_yiuf_cottage,
          uniq_blork_the_orc
D:6:      minmay_chambers_of_fours, layout_basic, minmay_temple_entry_trees,
          hellmonk_no_cap
D:7:      minmay_chambers_of_sixes, layout_gridville, amcnicky_altar_gilded,
          nicolae_ru_sacrificial_ziggurat, glass_columns_b,
          hangedman_abyss_or_decor_stabs, minmay_hollow_rounded_squares
D:8:      layout_basic
D:9:      layout_gridville, zin_statuary, mainiacjoe_overflow_24_doors,
          orc_0_dummy, minmay_misc_feat_ornament, dreamdust_wishing_well,
          kennysheep_flooded_box, uniq_erica
D:10:     layout_gridville, erik_lair_island, st_stairs_9, uniq_fannar
Lair:1:   layout_hall_layers, enter_volcano_4, serial_bayou_lagoon_a,
          grunt_megastairs_3, uniq_harold, uniq_joseph
Lair:2:   layout_layer_cave, elwin_shoals_entry_rooms,
          guppyfry_snake_entry_garden, chequers_serial_rivers_room_b,
          infiniplex_staircase_pool

Skill      XL: |  1  2  3  4  5  6  7  8  9 10 11 12 |
---------------+-------------------------------------+-----
Invocations    | 1 2 3 4 5 6 7 8 |  8.4
Short Blades   | 1 2 3 4 5 6 7 |  7.6
Long Blades    | 1 2 3 4 5 6 7 |  7.6
Axes           | 1 2 3 4 5 6 7 |  7.6
Maces & Flails | 1 2 3 4 5 6 7 |  7.6
Staves         | 1 2 3 4 5 6 7 |  7.6
Ranged Weapons | 1 2 3 4 5 6 7 |  7.6
Throwing       | 1 2 3 4 5 6 7 |  7.6
Armour         | 1 2 3 4 5 6 7 |  7.6
Dodging        | 1 2 3 4 5 6 7 |  7.6
Stealth        | 1 2 3 4 5 6 7 |  7.6
Shields        | 1 2 3 4 5 6 7 |  7.6
Unarmed Combat | 1 2 3 4 5 6 7 |  7.6
Evocations     | 1 2 3 4 5 6 7 |  7.6
Spellcasting   | 3 4 5 6 7 8 |  8.2
Conjurations   | 1 2 3 4 5 6 |  6.3
Hexes          | 1 2 3 4 5 6 |  6.3
Summonings     | 1 2 3 4 5 6 |  6.3
Necromancy     | 1 2 3 4 5 6 |  6.3
Translocations | 1 2 3 4 5 6 |  6.3
Transmutations | 1 2 3 4 5 6 |  6.3
Ice Magic      | 1 2 3 4 5 6 |  6.3
Air Magic      | 1 2 3 4 5 6 |  6.3
Earth Magic    | 1 2 3 4 5 6 |  6.3
Poison Magic   | 1 2 3 4 5 6 |  6.3
Fighting       | 7 8 9 10 | 10.1
Polearms       | 7 8 9 10 | 10.1
Fire Magic     | 6 7 8 |  8.5

Action                     |  1- 3 |  4- 6 |  7- 9 | 10-12 || total
---------------------------+-------+-------+-------+-------++-------
  Melee: Whip              |    29 |       |       |       ||    29
         Spear             |     1 |       |       |       ||     1
         Dagger            |    67 |       |       |       ||    67
         Bite              |     7 |       |       |       ||     7
         Punch             |     1 |       |       |       ||     1
   Fire: Sling             |     5 |   127 |   268 |   540 ||   940
 Invoke: Foxfire Swarm     |       |       |     1 |     2 ||     3
  Evoke: Wand              |       |       |       |     3 ||     3
    Use: Scroll            |       |     9 |     4 |    12 ||    25
         Potion            |       |       |     1 |     1 ||     2
 Armour: Leather armour    |     3 |       |       |       ||     3
         Robe              |     1 |       |       |       ||     1
         Ring mail         |    30 |    22 |    44 |   135 ||   231
         Chain mail        |       |       |       |    55 ||    55
  Dodge: Dodged            |    47 |    24 |    48 |   199 ||   318
  Block: Other             |       |    21 |    27 |    80 ||   128
         Reflection        |       |     2 |     1 |       ||     3

Action                     |  1- 3 |  4- 6 |  7- 9 | 10-12 || total
---------------------------+-------+-------+-------+-------++-------
  Melee: Whip              |    29 |       |       |       ||    29
         Spear             |     1 |       |       |       ||     1
         Dagger            |    67 |       |       |       ||    67
         Bite              |     7 |       |       |       ||     7
         Punch             |     1 |       |       |       ||     1
   Fire: Sling             |     5 |   127 |   268 |   540 ||   940
 Invoke: Foxfire Swarm     |       |       |     1 |     2 ||     3
  Evoke: Wand              |       |       |       |     3 ||     3
    Use: Scroll            |       |     9 |     4 |    12 ||    25
         Potion            |       |       |     1 |     1 ||     2
 Armour: Leather armour    |     3 |       |       |       ||     3
         Robe              |     1 |       |       |       ||     1
         Ring mail         |    30 |    22 |    44 |   135 ||   231
         Chain mail        |       |       |       |    55 ||    55
  Dodge: Dodged            |    47 |    24 |    48 |   199 ||   318
  Block: Other             |       |    21 |    27 |    80 ||   128
         Reflection        |       |     2 |     1 |       ||     3

Levels and vault maps discovered:
D:1:      erik_arrival_cave_to_civilisation [erik_arrival_cave_to_hall],
          layout_loops_corners, minmay_misc_feat_pillars
D:2:      layout_basic, nrook_mini_vaults
D:3:      layout_loops_ring, tso_metal_star, lemuel_doored_altar, serial_shops,
          nicolae_shop_tiny_statue_garden, hellmonk_ghost_happy_afterlife
D:4:      layout_rooms, portal_sewer_entry_e, uniq_duvessa, uniq_menkaure
D:5:      layout_loops_corners, uniq_sigmund, uniq_crazy_yiuf_cottage,
          uniq_blork_the_orc
D:6:      minmay_chambers_of_fours, layout_basic, minmay_temple_entry_trees,
          hellmonk_no_cap
D:7:      minmay_chambers_of_sixes, layout_gridville, amcnicky_altar_gilded,
          nicolae_ru_sacrificial_ziggurat, glass_columns_b,
          hangedman_abyss_or_decor_stabs, minmay_hollow_rounded_squares
D:8:      layout_basic
D:9:      layout_gridville, zin_statuary, mainiacjoe_overflow_24_doors,
          orc_0_dummy, minmay_misc_feat_ornament, dreamdust_wishing_well,
          kennysheep_flooded_box, uniq_erica
D:10:     layout_gridville, erik_lair_island, st_stairs_9, uniq_fannar
Lair:1:   layout_hall_layers, enter_volcano_4, serial_bayou_lagoon_a,
          grunt_megastairs_3, uniq_harold, uniq_joseph
Lair:2:   layout_layer_cave, elwin_shoals_entry_rooms,
          guppyfry_snake_entry_garden, chequers_serial_rivers_room_b,
          infiniplex_staircase_pool
